 Dungeon Crawl Stone Soup version 0.21.1-1-g345015f (webtiles) character file.

434 Fang the Chopper (level 7, -2/44 HPs)
             Began as a Gargoyle Berserker on May 7, 2018.
             Was a Priest of Trog.
             Slain by an ice beast (10 damage)
             ... on level 5 of the Dungeon.
             The game lasted 00:05:51 (4315 turns).

Fang the Chopper (Gargoyle Berserker)               Turns: 4315, Time: 00:05:52

Health: -2/44      AC:  8    Str: 23    XL:     7   Next: 0%
Magic:  0/7        EV: 13    Int:  7    God:    Trog [***...]
Gold:   158        SH:  0    Dex:  9    Spells: 6/6 levels left

rFire    . . .     SeeInvis .   a - +0 hand axe
rCold    . . .     Gourm    .   (no shield)
rNeg     + . .     Faith    .   b - +1 animal skin
rPois    ∞         Spirit   +   (no helmet)
rElec    +         Reflect  .   (no cloak)
rCorr    .         Harm     .   (no gloves)
MR       .....                  (no boots)
Stlth    +.........             r - amulet of guardian spirit
HPRegen  0.14/turn              (no ring)
MPRegen  0.10/turn              (no ring)

@: confused
A: negative energy resistance 1, electricity resistance, unbreathing,
petrification resistance, rot immunity, AC +4
a: Berserk, Trog's Hand, Burn Spellbooks, Renounce Religion


You were on level 5 of the Dungeon.
You worshipped Trog.
Trog was most pleased with you.
You were very hungry.

You visited 1 branch of the dungeon, and saw 5 of its levels.

You collected 158 gold pieces.

Inventory:

Hand Weapons
 a - a +0 hand axe (weapon)
Missiles
 s - 4 tomahawks (quivered)
Armour
 b - a +1 animal skin (worn)
Jewellery
 d - a cursed -2 ring of evasion {unknown}
 q - an uncursed amulet of magic regeneration {unknown}
 r - an amulet of guardian spirit (around neck)
Wands
 i - a wand of random effects (37)
 o - a wand of paralysis (17)
Scrolls
 e - 3 scrolls of teleportation {unknown}
 f - 2 scrolls of remove curse
 t - a scroll of enchant weapon {unknown}
Potions
 g - 2 potions of might
 h - a potion of haste
 j - 4 potions of lignification
 k - 2 potions of curing {unknown}
 l - 2 potions of heal wounds
 m - a potion of flight
 n - a potion of degeneration {unknown}
 p - a potion of invisibility {unknown}
 u - a potion of mutation {unknown}
Comestibles
 c - 6 rations


   Skills:
 + Level 4.9 Fighting
 + Level 5.1 Axes
 + Level 2.3 Armour
 + Level 3.3 Dodging
 + Level 1.0 Stealth


You had 6 spell levels left.
You didn't know any spells.

Dungeon Overview and Level Annotations

Branches:
Dungeon (5/15)
 Temple: D:4-7

Altars:
Kikubaaqudgha
Nemelex Xobeh
Uskayaw


Innate Abilities, Weirdness & Mutations

You are resistant to torment.
Your stone body is resilient. (AC +4)
You are immune to poison.
You resist negative energy. (rN+)
You are resistant to electric shocks. (rElec)
You can survive without breathing.
You are immune to petrification.
You are immune to rotting.


Message History

Unknown command.
Unknown command.
You're too confused to move!
The ice beast closely misses you.
Unknown command.
You miss the orc wizard.
The orc wizard is moderately wounded.
You completely miss the ice beast. The ice beast hits you.
The ice beast freezes you!
* * * LOW HITPOINT WARNING * * *
The orc wizard mumbles some strange words.
The orc wizard flickers and vanishes!
Deactivating autopickup; reactivate with Ctrl-A.
The ice beast closely misses you.
You hear some strange, mumbled words.
Something tries to affect you, but you resist.
Unknown command.
The ice beast hits you.
* * * LOW HITPOINT WARNING * * *
The ice beast freezes you!
You die...

..... .... .?. .. #.
##)####### #########
#..?.....# #.......#
#........# #.#####.#
###.=[?Y@..###.#####.##
..=.....................#
#####.......[.#..##.##..#
#........(.#..##.##..#
##.......#.#.........#
##.######.#.#<..###. #.
#.#.#.#.# #. #.#.#.#.#
#.#.#.# #


You could see an ice beast.

Vanquished Creatures
  A scorpion (D:4)
  A centaur zombie (D:5)
  An orc priest (D:3)
  2 orc wizards (D:3)
  An iguana (D:4)
  4 gnolls (D:3)
  7 adders
  A river rat (D:3)
  3 oozes
  3 worms (D:3)
  5 leopard geckos
  15 orcs
  3 ball pythons (D:3)
  3 giant cockroaches
  6 goblins
  8 hobgoblins
  4 jackals (D:4)
  3 kobolds (D:3)
  4 quokkas
  7 bats
  10 frilled lizards (D:1)
  12 rats
104 creatures vanquished.

Notes
Turn   | Place    | Note
-------+----------+-------------------------------------------
     0 | D:1      | Fang the Gargoyle Berserker began the quest for the Orb.
     0 | D:1      | Reached XP level 1. HP: 14/14 MP: 1/1
    91 | D:1      | Reached XP level 2. HP: 9/19 MP: 2/2
   700 | D:1      | Reached skill level 3 in Axes
  1099 | D:2      | Reached XP level 3. HP: 24/24 MP: 3/3
  1106 | D:2      | Found a hide-covered altar of Uskayaw.
  1132 | D:2      | Reached ** piety under Trog
  1581 | D:2      | Reached XP level 4. HP: 21/29 MP: 4/4
  2061 | D:2      | Found a sparkling altar of Nemelex Xobeh.
  2761 | D:3      | Reached XP level 5. HP: 21/33 MP: 3/5
  2770 | D:3      | Reached skill level 4 in Axes
  2813 | D:3      | Reached *** piety under Trog
  2996 | D:3      | Reached XP level 6. HP: 22/39 MP: 3/6
  3103 | D:3      | Found an ancient bone altar of Kikubaaqudgha.
  4145 | D:4      | Reached skill level 1 in Stealth
  4261 | D:5      | Entered Level 5 of the Dungeon
  4292 | D:5      | Reached skill level 5 in Axes
  4294 | D:5      | Noticed an ice beast
  4296 | D:5      | Reached XP level 7. HP: 38/44 MP: 5/7
  4315 | D:5      | Slain by an ice beast

Skill      XL: |  1  2  3  4  5  6 |
---------------+-------------------+-----
Axes           | 3 4 5 |  5.1
Dodging        | 2 3 |  3.3
Fighting       | 4 |  4.9
Stealth        | 1 |  1.0
Armour         | |  2.3

Action                   |  1- 3 |  4- 6 |  7- 9 || total
-------------------------+-------+-------+-------++-------
Melee: Hand axe          |   107 |   283 |    12 ||   402
Invok: Berserk           |     2 |     4 |       ||     6
  Use: Scroll            |       |     7 |       ||     7
       Potion            |       |     2 |       ||     2
 Stab: Distracted        |       |     1 |       ||     1
  Eat: Chunk             |     3 |     9 |       ||    12
       Ration            |       |     1 |       ||     1
Armor: Animal skin       |    56 |   119 |     5 ||   180
       Skin              |       |    32 |       ||    32
Dodge: Dodged            |   124 |   229 |     8 ||   361
